 Dungeon Crawl Stone Soup version 0.27-a0-1137-g3ef0f4ec91 (webtiles) character file.

Game seed: 8051444555027337852

51 Zeld the Shield-Bearer (level 3, 0/26 HPs)
             Began as an Octopode Fighter on May 6, 2021.
             Slain by Crazy Yiuf
             ... wielding a +2 quarterstaff of chaos
              (9 damage)
             ... on level 2 of the Dungeon.
             The game lasted 00:01:46 (2176 turns).

Zeld the Shield-Bearer (Octopode Fighter)           Turns: 2176, Time: 00:01:46

Health: 0/26       AC:  1    Str: 16    XL:     3   Next: 83%
Magic:  2/3        EV: 11    Int: 10    God:
Gold:   75         SH:  9    Dex: 11    Spells: 2/2 levels left

rFire    . . .     SeeInvis .   a - +0 war axe
rCold    . . .     Faith    .   b - +0 kite shield
rNeg     . . .     Spirit   .   (helmet restricted)
rPois    .         Reflect  .   (no amulet)
rElec    .         Harm     .   (no ring)
rCorr    .         Rampage  .   (no ring)
Will     .....                  (no ring)
Stlth    ++........             (no ring)
HPRegen  0.08/turn              (no ring)
MPRegen  0.08/turn              (no ring)
                                (no ring)
                                (no ring)

@: mighty, brilliant
A: almost no armour, amphibious, 8 rings, camouflage 1, gelatinous body 1,
(nimble swimmer 1), tentacles
a: no special abilities


You were on level 2 of the Dungeon.
You visited 1 branch of the dungeon, and saw 2 of its levels.

You collected 75 gold pieces.

Inventory:

Hand Weapons
 a - a +0 war axe (weapon)
Missiles
 h - 11 poisoned darts (quivered)
Armour
 b - a +0 kite shield (worn)
Jewellery
 i - a +4 ring of protection
Scrolls
 d - a scroll of magic mapping {unknown}
 e - 3 scrolls of noise {unknown}
 f - a scroll of holy word {unknown}
 g - 2 scrolls of identify {unknown}
Potions
 j - a potion of heal wounds {unknown}


   Skills:
 - Level 3.5 Fighting
 - Level 2.7 Axes
 * Level 1.0 Throwing
 - Level 3.0 Dodging
 - Level 3.5 Shields


You had 2 spell levels left.
You didn't know any spells.
Your spell library was empty.

Dungeon Overview and Level Annotations

Branches:
Dungeon (2/15)

Altars:

Annotations:
D:2 Crazy Yiuf


Innate Abilities, Weirdness & Mutations

You cannot wear most types of armour.
You are amphibious.
You can wear up to eight rings at the same time.
Your skin changes colour to match your surroundings (Stealth+).
Your rubbery body absorbs attacks. (AC +1, EV +1)
((You are camouflaged near water. (Stealth+)))
You have tentacles for arms and can constrict up to eight enemies at once.


Message History

You slash the fungus!
The fungus is lightly damaged.
You hit the fungus. You constrict the fungus.
A nearby fungus withers and dies.
You hit the fungus.
The fungus is lightly damaged.
You constrict the fungus. You slash the fungus! You squeeze the fungus.
The fungus is lightly damaged.
You constrict the fungus!
A nearby fungus withers and dies.
You lose your grip on the fungus.
Found a mace.
Found a runed translucent door.
You open the door.
There is an open translucent door here.
You block Crazy Yiuf's attack.
Okay, then.
You hit Crazy Yiuf but do no damage. Your grab misses Crazy Yiuf.
Crazy Yiuf says, "Spliff sallow foot!"
Crazy Yiuf hits you with a +2 quarterstaff of chaos.
You are poisoned.
Crazy Yiuf hits you with a +2 quarterstaff of chaos!
* * * LOW HITPOINT WARNING * * *
You feel very sick.
There is an open translucent door here.
It was a potion of brilliance.
You feel clever all of a sudden.
* * * LOW HITPOINT WARNING * * *
You feel sick.
Crazy Yiuf cries, "Cholesterol arm bag!"
You block Crazy Yiuf's attack.
It was a potion of curing.
You feel better. Crazy Yiuf closely misses you.
You feel very mighty all of a sudden.
Crazy Yiuf hits you with a +2 quarterstaff of chaos!
You feel your power leaking away.
You are too injured to fight recklessly!
You are too injured to fight recklessly!
You slash Crazy Yiuf! You grab Crazy Yiuf.
Crazy Yiuf is heavily wounded.
You constrict Crazy Yiuf.
Crazy Yiuf hits you with a +2 quarterstaff of chaos!
You die...

####.#### ##.## #.# #...# ##<.#
#.# #.### #..## #.# #.# #### #.#
##.# #.# ##..# ###♣♣♣♣♣ #.#
#..####.#..♣.♣♣♣##### #.#
#.####...♣P.♣..♣#...# ##.# ..#
#.....P♣♣♣♣.@g..# ####..# .##
#...#P♣♣ ♣♣#..)# #.....# .#
##.###♣♣ ##### ###...#.# .# #...#
#.(..##.# .###.#.# ##.####)#
.......# ### #### ###..###.###
.......###.#####..# ##.....##....
###...............###......##.##.
#######≈≈≈P≈≈.≈≈......≈≈≈.......


You could see Crazy Yiuf.

Vanquished Creatures
  An adder (D:2)
  A worm (D:2)
  2 dart slugs (D:1)
  5 ball pythons
  An endoplasm (D:2)
  A giant cockroach (D:2)
  A goblin (D:2)
  2 hobgoblins
  7 jackals
  4 kobolds
  A quokka (D:2)
  2 bats (D:1)
  2 frilled lizards (D:2)
  2 rats
32 creatures vanquished.

Vanquished Creatures (others)
  A ball python (D:2)
  2 fungi (D:2)
  A plant (D:2)
4 creatures vanquished.

Grand Total: 36 creatures vanquished

Notes
Turn   | Place    | Note
-------+----------+-------------------------------------------
     0 | D:1      | Zeld the Octopode Fighter began the quest for the Orb.
     0 | D:1      | Reached XP level 1. HP: 16/16 MP: 1/1
   193 | D:1      | Reached XP level 2. HP: 21/21 MP: 2/2
  1167 | D:2      | Reached XP level 3. HP: 23/26 MP: 3/3
  1789 | D:2      | Reached skill level 1 in Throwing
  2164 | D:2      | Found a runed translucent door.
  2165 | D:2      | Noticed Crazy Yiuf
  2176 | D:2      | Slain by Crazy Yiuf

Illustrated notes

Levels and vault maps discovered:
D:1:      lightli_arrival_farm, layout_basic, interstate_on_off
D:2:      layout_rooms, chequers_big_river, dk_vineyard_1,
          uniq_crazy_yiuf_cottage

Skill      XL: |  1  2  3 |
---------------+----------+-----
Throwing       | 1 |  1.0
Fighting       | |  3.5
Axes           | |  2.7
Dodging        | |  3.0
Shields        | |  3.5

Action                   || total
-------------------------++-------
Melee: War axe           ||    63
       Constrict         ||    11
       Tentacles         ||    10
  Use: Potion            ||     3
 Stab: Sleeping          ||     5
Armor: Skin              ||     7
Dodge: Dodged            ||    30
Block: Kite shield       ||    36

Table legend: (Time is in decaauts)
 A = Elapsed time spent in this place.
 B = Non-inter-level travel time spent in this place.
 C = Inter-level travel time spent in this place.
 D = Time resting spent in this place.
 E = Time spent auto-exploring this place.
 F = Levels seen in this place.
 G = Mean time per level.
                   A        B        C        D        E       F      G
               +--------+--------+--------+--------+--------+-----+--------+
         Total |   2214 |   2141 |     73 |      0 |   1880 |   2 | 1107.0 |
       Dungeon |   2214 |   2141 |     73 |      0 |   1880 |   2 | 1107.0 |
               +--------+--------+--------+--------+--------+-----+--------+

Top non-repeatable levels by time:
     D:1: 1120 daAuts
     D:2: 1093 daAuts
